 Dungeon Crawl Stone Soup version 0.21.1-1-g345015f (webtiles) character file.

100 diana the Insei (level 4, -6/36 HPs)
             Began as a Demigod Transmuter on June 30, 2018.
             Mangled by an orc
             ... wielding a +0 falchion
              (8 damage)
             ... on level 3 of the Dungeon.
             The game lasted 00:05:23 (2530 turns).

diana the Insei (Demigod Transmuter)                Turns: 2530, Time: 00:05:23

Health: -6/36      AC:  2    Str: 13    XL:     4   Next: 23%
Magic:  9/10       EV: 12    Int: 19    God:
Gold:   119        SH:  0    Dex: 16    Spells: 4/7 levels left

rFire    . . .     SeeInvis +     - Unarmed
rCold    . . .     Gourm    .   (no shield)
rNeg     . . .     Faith    .   b - +0 robe
rPois    .         Spirit   .   (no helmet)
rElec    .         Reflect  .   (no cloak)
rCorr    .         Harm     .   (no gloves)
MR       .....                  (no boots)
Stlth    +.........             (no amulet)
HPRegen  0.12/turn              h - ring of see invisible
MPRegen  0.12/turn              (no ring)

@: appendage
A: horns 2, high mp 1
a: End Transformation


You were on level 3 of the Dungeon.
You were not hungry.
You had grown temporary horns.
You visited 1 branch of the dungeon, and saw 3 of its levels.

You collected 119 gold pieces.

Inventory:

Missiles
 a - 34 arrows
Armour
 b - a +0 robe (worn)
Jewellery
 h - a ring of see invisible (left hand)
 n - an uncursed ring of resist corrosion {unknown}
Scrolls
 e - 3 scrolls of fog {unknown}
 f - 2 scrolls of remove curse {unknown}
 g - a scroll of fear {unknown}
 i - a scroll of enchant armour {unknown}
 l - 3 scrolls of identify {unknown}
 o - a scroll of random uselessness {unknown}
 p - a scroll of enchant weapon {unknown}
Potions
 j - a potion of magic {unknown}
 k - a potion of flight {unknown}
Books
 c - a book of Changes

   Spells                             Type                      Level
   a - Beastly Appendage              Transmutation                1
   b - Sticks to Snakes               Transmutation                2
   c - Spider Form                    Transmutation/Poison         3
   d - Ice Form                       Ice/Transmutation            4
   e - Blade Hands                    Transmutation                5
 m - a book of Minor Magic

   Spells                             Type                      Level
   a - Magic Dart                     Conjuration                  1
   b - Blink                          Translocation                2
   c - Call Imp                       Summoning                    2
   d - Slow                           Hexes                        2
   e - Conjure Flame                  Conjuration/Fire             3
   f - Mephitic Cloud                 Conjuration/Poison/Air       3
Comestibles
 d - 3 rations


   Skills:
 + Level 1.8 Fighting
 - Level 1.7 Dodging
 + Level 3.4 Unarmed Combat
 + Level 2.3 Spellcasting
 * Level 2.7 Transmutations


You had 4 spell levels left.
You knew the following spells:

 Your Spells              Type           Power        Failure   Level  Hunger
a - Beastly Appendage     Tmut           ##....       5%          1    #......
b - Sticks to Snakes      Tmut           ##......     8%          2    ##.....


Dungeon Overview and Level Annotations

Branches:
Dungeon (3/15)

Annotations:
D:3 poxu's ghost, amateur GrEE


Innate Abilities, Weirdness & Mutations

You have an increased reservoir of magic. (+10% MP)
You have a pair of horns on your head.


Message History

The orc priest is heavily wounded.
The rat misses you.
The orc priest hits you but does no damage.
A hobgoblin comes into view. It is wielding a club.
The hobgoblin shouts!
You hit the orc priest but do no damage.
The orc priest is heavily wounded.
The rat barely misses you.
The orc priest looks satisfied for a moment.
You hit the orc priest but do no damage.
The orc priest is heavily wounded.
The rat barely misses you. The orc priest barely misses you.
You hit the orc priest but do no damage.
The orc priest is heavily wounded.
The orc hits you with a falchion. The rat bites you.
The orc priest invokes the aid of Beogh against you.
Pain shoots through your body!
* * * LOW HITPOINT WARNING * * *
The orc hits you with a falchion!
You die...

##.oo.. .. ...
#.##.##.#####...
..) #.##.
.........# ...
...... .......
..# #..#.#.....
.........
..#.#.....#
........o.# #@#
#...or......#
.....g#.#####.#
......#.. ..#.#
#.# # #. #.# .
..# # ...


You could see an orc priest, an orc, a hobgoblin and a rat.

Vanquished Creatures
  2 adders
  2 oozes
  A dart slug (D:2)
  3 leopard geckos
  3 orcs (D:3)
  3 ball pythons
  3 giant cockroaches
  5 goblins
  9 hobgoblins
  3 jackals
  4 kobolds (D:1)
  8 bats
  6 frilled lizards
  4 rats (D:1)
56 creatures vanquished.

Vanquished Creatures (collateral kills)
  2 worms (D:2)
2 creatures vanquished.

Grand Total: 58 creatures vanquished

Notes
Turn   | Place    | Note
-------+----------+-------------------------------------------
     0 | D:1      | diana the Demigod Transmuter began the quest for the Orb.
     0 | D:1      | Reached XP level 1. HP: 15/15 MP: 5/5
    46 | D:1      | Reached skill level 1 in Fighting
   458 | D:1      | Reached XP level 2. HP: 23/23 MP: 5/7
   475 | D:1      | Reached skill level 3 in Unarmed Combat
   970 | D:1      | Reached XP level 3. HP: 23/28 MP: 6/8
   989 | D:1      | Learned a level 2 spell: Sticks to Snakes
  2363 | D:3      | Reached XP level 4. HP: 33/36 MP: 8/10
  2385 | D:3      | Noticed poxu's ghost (amateur GrEE)
  2530 | D:3      | Mangled by an orc

Skill      XL: |  1  2 |
---------------+-------+-----
Fighting       | 1 |  1.8
Transmutations | 2 |  2.7
Unarmed Combat | 3 |  3.4
Spellcasting   | 2 |  2.3
Dodging        | |  1.7

Action                   |  1- 3 |  4- 6 || total
-------------------------+-------+-------++-------
Melee: Unarmed           |   151 |    31 ||   182
       Kick              |    12 |       ||    12
       Headbutt          |    11 |     4 ||    15
 Cast: Beastly Appendage |    20 |     2 ||    22
       Sticks to Snakes  |     6 |       ||     6
 Stab: Sleeping          |     5 |       ||     5
  Eat: Chunk             |     5 |     1 ||     6
Armor: Robe              |    31 |       ||    31
Dodge: Dodged            |   109 |    15 ||   124
